 Dungeon Crawl Stone Soup version 0.20-a0-1000-g0e8f6bb (webtiles) character file.

990 JeffiDaFish the Magician (level 7, -7/57 HPs)
             Began as a Purple Draconian Fire Elementalist on Apr 12, 2017.
             Was an Initiate of Sif Muna.
             Mangled by a centaur (8 damage)
             ... on level 5 of the Dungeon.
             The game lasted 00:23:08 (5623 turns).

JeffiDaFish the Magician (DrFE)                     Turns: 5623, Time: 00:23:09

Health: -7/57      AC: 16    Str:  7 (10) XL:     7   Next: 98%
Magic:  1/15       EV: 13    Int: 11 (13) God:    Sif Muna [......]
Gold:   254        SH:  0    Dex: 13 (14) Spells: 5/17 levels left

rFire    . . .     SeeInvis .   k - +1 flail (protect)
rCold    . . .     Gourm    .   (no shield)
rNeg     . . .     Faith    .   (armour unavailable)
rPois    .         Spirit   .   (helmet restricted)
rElec    .         Reflect  .   i - +0 cloak
rCorr    .         Harm     .   (no gloves)
MR       +....                  (no boots)
Stlth    +.........             (no amulet)
Regen    0.2/turn               c - +2 ring of protection
MPRegen  0.2/turn               (no ring)

@: protection aura, very slightly contaminated, glowing
A: breathe power, unfitting armour, claws 1, dopey 1, cold-blooded, AC +6
a: Breathe Dispelling Energy, Renounce Religion


You were on level 5 of the Dungeon.
You worshipped Sif Muna.
Sif Muna was noncommittal.
You were hungry.

You visited 2 branches of the dungeon, and saw 7 of its levels.

You collected 254 gold pieces.

Inventory:

Hand Weapons
 k - a +1 flail of protection (weapon)
Armour
 i - a +0 cloak (worn)
Jewellery
 c - a +2 ring of protection (left claw)
Wands
 h - a wand of scattershot (6/9)
Scrolls
 j - 4 scrolls of identify
Books
 a - a book of Flames

   Spells                             Type                      Level
   a - Flame Tongue                   Conjuration/Fire             1
   b - Throw Flame                    Conjuration/Fire             2
   c - Conjure Flame                  Conjuration/Fire             3
   d - Inner Flame                    Hexes/Fire                   3
   e - Sticky Flame                   Conjuration/Fire             4
   f - Fireball                       Conjuration/Fire             5
Comestibles
 b - 3 bread rations
 d - 11 fruits
 f - a meat ration
 g - 2 royal jellies
 l - a chunk of flesh


   Skills:
 + Level 3.1 Fighting
   Level 1.1 Short Blades
 * Level 4.2 Maces & Flails
 + Level 3.6 Dodging
 + Level 2.3 Stealth
 + Level 5.8 Spellcasting
 + Level 4.4 Conjurations
 + Level 5.5 Fire Magic


You had 5 spell levels left.
You knew the following spells:

 Your Spells              Type           Power        Failure   Level  Hunger
a - Flame Tongue          Conj/Fire      ##...        2%          1    None
b - Throw Flame           Conj/Fire      ##....       4%          2    ##.....
c - Sticky Flame          Conj/Fire      ##......     30%         4    ####...
d - Fireball              Conj/Fire      ##........   82%         5    ######.


Dungeon Overview and Level Annotations

Branches:
Dungeon (6/15)             Temple (1/1) D:4

Altars:
Cheibriados
Dithmenos
Gozag
Hepliaklqana
Kikubaaqudgha
Nemelex Xobeh
Okawaru
Sif Muna
Trog
Uskayaw
Yredelemnul
Zin
The Shining One


Innate Abilities, Weirdness & Mutations

You can breathe bolts of dispelling energy.
Your rich purple scales are hard. (AC +6)
You cannot fit into any form of body armour.
You are cold-blooded and may be slowed by cold attacks.
You have sharp fingernails.
You are dopey. (Int -2)


Message History

The flame tongue hits the centaur.
The centaur is heavily wounded.
The centaur hits you.
* * * LOW HITPOINT WARNING * * *
You barely miss the centaur.
The centaur is heavily wounded.
The centaur barely misses you. The centaur hits you.
* * * LOW HITPOINT WARNING * * *
You hit the centaur but do no damage.
Your weapon exudes an aura of protection.
The centaur is heavily wounded.
The centaur barely misses you. The centaur closely misses you.
You hit the centaur. You tail-slap the centaur.
The centaur is severely wounded.
The centaur hits you but does no damage.
You hit the centaur.
You tail-slap the centaur, but do no damage.
The centaur is almost dead.
The centaur barely misses you. The centaur hits you!
You die...

#.....######......# #...
#.....+...........# #...
#.....#######.....# ####
#.....# #..#.## ####### ##.#.#
#...# ##..# #############c.#
#.............@# ############
#.############## #..........#
#.# #..........## #.#
#..........'.
#.#################..........##
#.##.............##..........#
#.##.###########.#######'#####
#.##.####### #.# #.#
#.##.......# #.# #.#


You could see a centaur.

Vanquished Creatures
  Sigmund (D:3)
  A necrophage (D:4)
  An ogre (D:5)
  2 crimson imps (D:5)
  3 orc wizards (D:5)
  A bullfrog skeleton (D:4)
  Crazy Yiuf (D:2)
  3 orc priests (D:5)
  A hound (D:4)
  A gnoll shaman (D:6)
  3 worker ants
  A hound skeleton (D:4)
  A worker ant zombie (D:5)
  2 gnolls (D:6)
  6 adders
  An ooze (D:2)
  4 worms
  3 dart slugs
  4 leopard geckos
  8 orcs
  10 bats
  4 giant cockroaches
  8 goblins
  13 hobgoblins
  15 jackals
  2 quokkas (D:2)
  A ball python (D:1)
  3 frilled lizards
  A jackal zombie (D:5)
  6 kobolds
  A leopard gecko skeleton (D:4)
  5 rats
117 creatures vanquished.

Vanquished Creatures (others)
  A plant (D:2)
1 creature vanquished.

Grand Total: 118 creatures vanquished

Notes
Turn   | Place    | Note
-------+----------+-------------------------------------------
     0 | D:1      | JeffiDaFish the Draconian Fire Elementalist began the quest for the Orb.
     0 | D:1      | Reached XP level 1. HP: 14/14 MP: 3/3
    19 | D:1      | Reached XP level 2. HP: 25/25 MP: 3/6
    27 | D:1      | Gained mutation: You are dopey. (Int -2) [potion of mutation]
    27 | D:1      | Gained mutation: You have sharp fingernails. [potion of mutation]
    70 | D:1      | Learned a level 2 spell: Throw Flame
   433 | D:1      | Reached XP level 3. HP: 24/30 MP: 1/8
  1599 | D:2      | Reached XP level 4. HP: 31/37 MP: 10/10
  1624 | D:2      | Learned a level 4 spell: Sticky Flame
  1657 | D:2      | Found a shadowy altar of Dithmenos.
  1660 | D:2      | Found a hide-covered altar of Uskayaw.
  1737 | D:2      | Found a runed door.
  1741 | D:2      | Noticed Crazy Yiuf
  1748 | D:2      | Killed Crazy Yiuf
  2143 | D:2      | Reached skill level 1 in Short Blades
  2220 | D:2      | Found a sparkling altar of Nemelex Xobeh.
  2220 | D:2      | Found an ancient bone altar of Kikubaaqudgha.
  2221 | D:2      | Found a snail-covered altar of Cheibriados.
  2535 | D:3      | Reached XP level 5. HP: 36/42 MP: 1/11
  2881 | D:3      | Learned a level 5 spell: Fireball
  3055 | D:3      | Noticed Sigmund
  3063 | D:3      | Killed Sigmund
  3063 | D:3      | Reached skill level 1 in Maces & Flails
  3063 | D:3      | Reached skill level 5 in Fire Magic
  3063 | D:3      | Reached XP level 6. HP: 39/50 MP: 0/12
  3821 | D:4      | Your scales start taking on a rich purple colour.
  3821 | D:4      | Reached skill level 5 in Spellcasting
  3821 | D:4      | Reached XP level 7. HP: 49/56 MP: 15/15
  4036 | D:4      | Found a staircase to the Ecumenical Temple.
  4061 | Temple   | Entered the Ecumenical Temple
  4081 | Temple   | Became a worshipper of Sif Muna the Loreminder
  4200 | D:5      | Entered Level 5 of the Dungeon
  4209 | D:5      | Found an iron altar of Okawaru.
  5620 | D:5      | HP: 1/57 [centaur (3)]
  5623 | D:5      | Mangled by a centaur

Vault maps used:
D:1:      scummos_arrival_star
D:2:      nicolae_overflow_hidden_temple, serial_bayou_lake_a,
          uniq_crazy_yiuf_cottage
D:3:      first_bread, grunt_ministairs_1, minmay_misc_feat_x, uniq_sigmund
D:4:      minmay_temple_entry_grid
D:5:      okawaru_gym_becter
D:6:      basic_altar
Temple:   dshaligram_water_room_temple

Skill      XL: |  1  2  3  4  5  6  7 |
---------------+----------------------+-----
Fighting       | 2 3 |  3.1
Dodging        | 2 3 |  3.6
Spellcasting   | 3 4 5 |  5.8
Conjurations   | 3 4 |  4.4
Fire Magic     | 4 5 |  5.5
Short Blades   | 1 |  1.1
Maces & Flails | 1 2 4 |  4.2
Stealth        | 2 |  2.3

Action                   |  1- 3 |  4- 6 |  7- 9 || total
-------------------------+-------+-------+-------++-------
Melee: Unarmed           |     8 |       |       ||     8
       Short sword       |    46 |    59 |       ||   105
       Tailslap          |     4 |     5 |     6 ||    15
       Flail             |       |    43 |    90 ||   133
 Cast: Flame Tongue      |    26 |    21 |    19 ||    66
       Throw Flame       |    21 |    36 |    16 ||    73
       Sticky Flame      |       |     7 |     8 ||    15
  Use: Potion            |     4 |     4 |     3 ||    11
       Scroll            |     4 |     1 |     2 ||     7
 Stab: Sleeping          |     1 |     2 |       ||     3
  Eat: Chunk             |     3 |    10 |     8 ||    21
Armor: Skin              |    26 |    39 |    47 ||   112
Dodge: Dodged            |    49 |    80 |    84 ||   213
